Map: Mech Depot LE

Players

Yata - Winner!

  • Race: Zerg Zerg
  • League: Gold
  • Spawn Location: 1:00

Kronos

  • Race: Protoss Protoss
  • Spawn Location: 7:00

VOD

Have the link to the VOD?

Description

Time

  • Played on: Aug. 31, 2017, 6:46 p.m.
  • Length: 12:29
Show
View Real Time Build Order
Export as new Build Order

Yata Zerg - Winner!

Build Orders: Hatch First 

Get SALT Encoding   

  12  0:02  Drone  
  13  0:08  Drone  
  14  0:16  Overlord  
  14  0:34  Drone  
  14  0:35  Drone x2  
  17  0:55  Hatchery  
  16  1:00  Drone  
  16  1:01  Drone  
  18  1:15  Extractor  
  18  1:16  Spawning Pool  
  18  1:17  Drone  
  17  1:20  Drone  
  18  1:28  Drone  
  19  1:39  Overlord  
  19  1:52  Drone  
  20  2:01  Drone  
  20  2:03  Queen  
  20  2:07  Overlord  
  23  2:18  Drone  
  23  2:19  Zergling x2  
  23  2:22  Zergling x2  
  26  2:23  Metabolic Boost  
  26  2:28  Drone  
  27  2:31  Queen  
  27  2:33  Drone  
  30  2:38  Baneling Nest  
  29  2:48  Drone x2  
  31  2:58  Overlord  
  31  3:07  Drone  
  31  3:11  Drone x2  
  34  3:13  Drone x2  
  34  3:14  Drone x2  
  38  3:37  Hatchery  
  36  3:51  Drone x3  
  38  4:12  Extractor  
  38  4:13  Zergling x10  
  38  4:14  Zergling x6  
  45  4:20  Queen  
  49  4:27  Lair  
  47  4:44  Drone x2  
  47  4:45  Drone x3  
  52  4:47  Overlord x2  
  53  4:52  Drone  
  53  4:53  Drone x3, Queen  
  57  5:25  Baneling x2  
  55  5:49  Drone x6  
  58  5:50  Drone  
  57  5:58  Spire  
  56  6:07  Zergling x4  
  56  6:08  Zergling x14  
  56  6:09  Zergling x4  
  67  6:13  Drone  
  67  6:14  Evolution Chamber  
  67  6:18  Extractor x2  
  67  6:19  Extractor  
  67  6:21  Extractor  
  67  6:23  Queen x2  
  67  6:24  Queen  
  69  6:26  Zergling x10  
  74  6:42  Overlord x6  
  74  6:43  Overlord x2  
  72  6:55  Baneling x3  
  72  6:57  Baneling x3  
  72  6:58  Pneumatized Carapace  
  72  7:13  Zerg Flyer Weapons Level 1  
  72  7:16  Infestation Pit  
  72  7:20  Drone  
  72  7:21  Drone x6  
  78  7:24  Drone x3  
  78  7:25  Drone  
  75  7:39  Zergling x14  
  79  7:53  Zerg Melee Weapons Level 1  
  79  7:57  Overseer  
  79  8:12  Mutalisk  
  79  8:13  Mutalisk x10  
  79  8:19  Hatchery  
  100  8:40  Mutalisk  
  100  8:41  Mutalisk x3  
  102  8:43  Overlord x2  
  102  8:44  Overlord x4  
  108  9:17  Mutalisk x4  
  108  9:24  Queen  
  116  9:30  Zergling x10  
  116  9:31  Zergling x26  
  130  9:59  Queen  
  130  10:05  Zergling x8  
  130  10:06  Zergling x22  
  147  10:13  Queen  
  137  10:22  Zergling x2  
  137  10:23  Zergling x12  
  137  10:46  Baneling x3  
  137  10:47  Baneling x4  
  135  10:53  Zergling x18  
  135  10:54  Zergling x16  
  133  11:19  Mutalisk  
  133  11:20  Mutalisk x10  
  153  11:35  Zergling x2  
  153  11:36  Zergling x16  
  160  11:57  Mutalisk  
  160  11:58  Mutalisk x3  
  165  12:02  Zergling x2  
  165  12:03  Zergling x14  
Show
View Real Time Build Order
Export as new Build Order

Kronos Protoss 

Build Orders: 1 Gate Expand 

Get SALT Encoding   

  12  0:02  Probe (Chrono Boost)  
  13  0:13  Probe (Chrono Boost)  
  14  0:19  Pylon  
  14  0:24  Probe (Chrono Boost)  
  15  0:37  Probe (Chrono Boost)  
  15  0:40  Pylon  
  16  0:48  Probe (Chrono Boost)  
  17  0:53  Gateway  
  17  1:05  Probe (Chrono Boost)  
  17  1:08  Assimilator  
  18  1:30  Nexus  
  18  1:33  Probe (Chrono Boost)  
  19  1:44  Zealot  
  19  1:46  Cybernetics Core  
  21  1:53  Probe (Chrono Boost)  
  22  2:03  Probe (Chrono Boost)  
  23  2:15  Assimilator  
  23  2:19  Probe (Chrono Boost)  
  26  2:22  Zealot  
  26  2:27  Warp Gate (Chrono Boost)  
  26  2:42  Probe (Chrono Boost)  
  27  2:44  Probe (Chrono Boost)  
  27  2:49  Pylon  
  28  2:52  Probe (Chrono Boost)  
  28  2:54  Zealot (Chrono Boost)  
  28  2:57  Probe  
  32  3:07  Probe  
  32  3:11  Probe  
  34  3:17  Mothership Core  
  36  3:23  Zealot  
  38  3:45  Probe  
  38  3:48  Probe  
  40  3:50  Zealot  
  42  4:06  Probe  
  42  4:08  Probe  
  44  4:17  Probe  
  44  4:21  Assimilator  
  45  4:29  Gateway  
  45  4:31  Gateway  
  45  4:33  Gateway  
  45  4:35  Pylon  
  45  4:37  Forge  
  45  4:38  Pylon  
  45  4:53  Nexus  
  45  4:54  Pylon  
  44  5:10  Probe  
  44  5:12  Probe  
  46  5:28  Zealot x3  
  46  5:31  Zealot  
  48  5:55  Probe x2  
  48  6:16  Probe (Chrono Boost)  
  48  6:17  Probe (Chrono Boost)  
  50  6:21  Stalker x3  
  50  6:22  Stalker  
  58  6:31  Protoss Ground Weapons Level 1 (Chrono Boost)  
  58  6:33  Probe x2 (Chrono Boost)  
  58  6:55  Zealot  
  58  6:57  Zealot  
  58  6:58  Zealot x2  
  66  7:02  Probe (Chrono Boost)  
  66  7:03  Probe (Chrono Boost)  
  68  7:12  Pylon  
  68  7:15  Pylon  
  68  7:16  Probe (Chrono Boost)  
  68  7:18  Probe (Chrono Boost)  
  70  7:35  Zealot x4  
  72  7:50  Probe x2 (Chrono Boost)  
  74  7:56  Assimilator  
  74  8:06  Probe x2 (Chrono Boost)  
  76  8:23  Stargate  
  76  8:28  Probe  
  77  8:53  Stalker x3  
  77  8:54  Stalker  
  85  9:03  Probe  
  86  9:20  Probe  
  81  9:24  Pylon  
  81  9:26  Stalker x3  
  81  9:27  Stalker  
  81  9:29  Pylon  
  81  9:30  Probe  
  68  10:11  Stalker  
  68  10:13  Stalker x3  
  34  10:42  Stalker x3  
  24  10:43  Stalker  
  30  11:07  Stalker x4  
  22  11:33  Stalker x4  
  20  12:01  Stalker x3  
Tags
 
League
Gold
Matchup
PvZ
Replay Pack
Pack 1
Spawn Locations
Cross Positions
Add a new tag
Caveats
  • Supply blocks, unpowered buildings, or Contaminate may cause inaccurate times.
  • Supply counts are checked every 10 seconds.